cohdb
Replays
Latest Replays
All Replays
Popular Replays
Top Player Replays
Match Explorer
How It Works
Community
CoH3 Stats
Reddit
Sign in to upload your games and track your stats! →
Sign in with Steam
Match 42760762
Unlisted
Match 42760762
Overview
Messages
Build Orders
End
Construct Section Command Post
Dingo Light Scout Car
Infantry Section
Infantry Section
Selects Canadian Shock Battlegroup
Selects Attacking Spirit
Selects Canadian Shock Section
Canadian Shock Section
Construct Platoon Command Post
Humber Armored Car
Selects Incendiary Munitions
CMP 15cwt Truck
ML 3-inch Mortar Team
Unlock Bishop Self-propelled Artillery
Infantry Training
Bishop Self-propelled Artillery
6-pounder Anti-tank Gun Team
Selects Pyrotechnics
Canadian Shock Section
Construct Company Command Post
Royal Engineer Section
Matilda II Heavy Tank
Royal Engineer Section
Armored Vehicle Training
Selects Churchill Crocodile Heavy Tank
Churchill Crocodile Heavy Tank
SED-Kreisleitung
IronPixie
momo992120
✙San
-CP-BlackWolf
Valar[M]orgHulis
King of Ham
真实猛男
0
0
Comments
sign in to comment!
No comments posted yet!